 Dungeon Crawl Stone Soup version 0.23-a0-169-gb21e695 (webtiles) character file.

464 Amnesiac the Chiller (level 6, -4/41 HPs)
             Began as a Mummy Ice Elementalist on Sept 11, 2018.
             Was a Follower of Vehumet.
             Killed from afar by Ijyb (16 damage)
             ... with a wand of acid (11)
             ... on level 3 of the Dungeon.
             The game lasted 00:08:07 (3580 turns).

Amnesiac the Chiller (Mummy Ice Elementalist)       Turns: 3580, Time: 00:08:08

Health: -4/41      AC:  1    Str: 11    XL:     6   Next: 80%
Magic:  13/14      EV: 12    Int: 16    God:    Vehumet [*.....]
Gold:   227        SH:  0    Dex: 13    Spells: 1/15 levels left

rFire    x . .     SeeInvis .   b - staff of wizardry (curse)
rCold    + . .     Gourm    .   (no shield)
rNeg     + + +     Faith    .   k - +0 robe
rPois    ∞         Spirit   .   (no helmet)
rElec    .         Reflect  .   (no cloak)
rCorr    .         Harm     .   c - +2 pair of gloves
MR       .....                  (no boots)
Stlth    ++........             (no amulet)
HPRegen  0.13/turn              (no ring)
MPRegen  0.14/turn              (no ring)

@: corroded
A: no food or potions, fire vulnerability, cold resistance 1, negative energy
resistance 3, torment resistance, unbreathing
a: Renounce Religion


You were on level 3 of the Dungeon.
You worshipped Vehumet.
Vehumet was aware of your devotion.
You were not hungry.

You visited 2 branches of the dungeon, and saw 6 of its levels.

You collected 227 gold pieces.

Inventory:

Hand Weapons
 a - a +0 dagger of venom
 d - a +0 long sword
Missiles
 h - 4 curare-tipped needles
Armour
 c - a +2 pair of gloves (worn)
 k - a +0 robe (worn)
Magical Staves
 b - a cursed staff of wizardry (weapon)
Scrolls
 e - a scroll of enchant weapon {!r}
 f - 2 scrolls of identify {!r}
 g - a scroll of fear {!r}
 i - 2 scrolls of remove curse {!r}
 j - a scroll of immolation {!r}


   Skills:
 - Level 1.5 Dodging
 - Level 1.5 Stealth
 + Level 5.4 Spellcasting
 - Level 0.7 Conjurations
 * Level 5.5 Ice Magic


You had one spell level left.
You knew the following spells:

 Your Spells              Type           Power        Failure   Level  Hunger
a - Throw Frost           Conj/Ice       ##....       2%          2    N/A
b - Summon Ice Beast      Ice/Summ       ##......     19%         4    N/A
d - Throw Icicle          Conj/Ice       ##......     16%         4    N/A
e - Freeze                Ice            ###.         1%          1    N/A
z - Ozocubu's Armour      Chrm/Ice       ##......     6%          3    N/A

Your spell library contained the following spells:

 Spells                   Type           Power        Failure   Level  Hunger
 Shock                    Conj/Air       #...         5%          1    N/A

Dungeon Overview and Level Annotations

Branches:
Dungeon (5/15)             Temple (1/1) D:5

Altars:
Ashenzari
Cheibriados
Gozag
Hepliaklqana
Makhleb
Nemelex Xobeh
Qazlal
Ru
Trog
Vehumet
Wu Jian
Xom
Yredelemnul
Zin
The Shining One

Annotations:
D:3 Ijyb
D:4 Edmund


Innate Abilities, Weirdness & Mutations

You do not eat or drink.
Your flesh is vulnerable to fire.
You are immune to poison.
Your flesh is cold resistant. (rC+)
You are immune to negative energy. (rN+++)
You are immune to unholy pain and torment.
You can survive without breathing.


Message History

Casting: Freeze (safe; 1% risk of failure)
Confirm with . or Enter, or press ? or * to list all spells.
You can't see any susceptible monsters within range! (Use Z to cast anyway.)
The kobold barely misses you.
Casting: Freeze (safe; 1% risk of failure)
Confirm with . or Enter, or press ? or * to list all spells.
Aiming: Freeze (safe; 1% risk of failure)
Press: ? - help, Shift-Dir - straight line, f - kobold
Aim: a kobold You freeze the kobold.
You kill the kobold!
Vehumet accepts your kill.
You feel your power returning.
No target in view!
Casting: Freeze (safe; 1% risk of failure)
Confirm with . or Enter, or press ? or * to list all spells.
You can't see any susceptible monsters within range! (Use Z to cast anyway.) No target in view!
Found 12 stones.
Magic restored.
You open the door.
There is an open door here.
Found a red potion.
You see here a red potion {!q}.
An adder comes into view.
The adder hisses angrily.
You hear a shout!
An adder is nearby!
Casting: Freeze (safe; 1% risk of failure)
Confirm with . or Enter, or press ? or * to list all spells.
You can't see any susceptible monsters within range! (Use Z to cast anyway.)
The adder bites you but does no damage.
Casting: Freeze (safe; 1% risk of failure)
Confirm with . or Enter, or press ? or * to list all spells.
Aiming: Freeze (safe; 1% risk of failure)
Press: ? - help, Shift-Dir - straight line, f - adder
Aim: an adder You freeze the adder.
The adder seems to slow down.
The adder is severely wounded.
The adder bites you.
You miss the adder.
The adder is severely wounded.
Ijyb the Twisted Goblin comes into view.
The adder closely misses you.
The adder is no longer moving slowly.
The adder bites you.
You see here a red potion {!q}.
The adder closely misses you.
Casting: Freeze (safe; 1% risk of failure)
Confirm with . or Enter, or press ? or * to list all spells.
Aiming: Freeze (safe; 1% risk of failure)
Press: ? - help, Shift-Dir - straight line, f/p - adder
Aim: an adder (severely wounded)
You freeze the adder.
You kill the adder!
Vehumet accepts your kill.
Ijyb zaps a wand.
The bolt of acid hits you! The acid corrodes you!
You are splashed with acid!
The acid burns!
* * * LOW HITPOINT WARNING * * *
It is a wand of acid (11).
There is an open door here.
There is a stone staircase leading down here.
The goblin shouts!
Ijyb zaps a wand.
The bolt of acid hits you!
You die...

.###........#....###...# .#
#........+...<......# . .#
#........##.#.###...#######..
.#
#........#....#.............#
.#
#........##...#.##.%........#
##
#.(......#....#.##.........g#
####...#.......##...........
###.#.....####...........
#..g....@...'...........
#..####....##........... #
#..##.g....##........... #
#..##.#....##########... #
#...#.#.##.# .. ####
#...#†#%...# . ...#
#.#####.###### .#.# #.g...#.#
.#.# #..##.#.#


You could see Ijyb and a goblin.

Vanquished Creatures
  A scorpion (D:5)
  A crimson imp (D:2)
  A hound (D:4)
  An orc wizard (D:3)
  Natasha (thrice) (D:4)
  An iguana (D:4)
  2 worker ants
  A hound skeleton (D:4)
  8 adders
  An ooze (D:2)
  2 worms
  4 dart slugs
  2 leopard geckos (D:2)
  3 orcs
  7 giant cockroaches
  6 goblins
  5 hobgoblins
  9 jackals
  7 kobolds
  4 bats
  7 frilled lizards
  A jackal zombie (D:5)
  5 rats
82 creatures vanquished.

Notes
Turn   | Place    | Note
-------+----------+-------------------------------------------
     0 | D:1      | Amnesiac the Mummy Ice Elementalist began the quest for the
                  | Orb.
     0 | D:1      | Reached XP level 1. HP: 13/13 MP: 4/4
   211 | D:3      | Reached XP level 2. HP: 6/19 MP: 3/5
   434 | D:4      | Learned a level 2 spell: Throw Frost
   523 | D:3      | Reached XP level 3. HP: 24/24 MP: 4/7
   528 | D:3      | Learned a level 3 spell: Ozocubu's Armour
   556 | D:5      | Entered Level 5 of the Dungeon
   625 | D:4      | Noticed Natasha
   631 | D:4      | Killed Natasha
   631 | D:4      | Noticed Natasha
   642 | D:3      | Reached XP level 4. HP: 25/30 MP: 0/9
   697 | D:3      | Learned a level 4 spell: Throw Icicle
   835 | D:4      | Killed Natasha
   924 | D:4      | Noticed Natasha
  1005 | D:4      | Killed Natasha
  1050 | D:4      | Reached XP level 5. HP: 14/35 MP: 1/11
  1247 | D:4      | Noticed Edmund
  1255 | D:4      | Noticed an ice beast
  1351 | D:5      | Noticed an ogre
  2073 | D:5      | Reached XP level 6. HP: 41/41 MP: 3/13
  2079 | D:5      | Learned a level 4 spell: Summon Ice Beast
  2149 | D:5      | Found a staircase to the Ecumenical Temple.
  2158 | Temple   | Entered the Ecumenical Temple
  2161 | Temple   | Became a worshipper of Vehumet
  2322 | D:1      | Reached skill level 5 in Ice Magic
  2738 | D:2      | Reached skill level 5 in Spellcasting
  2808 | D:2      | Reached * piety under Vehumet
  2808 | D:2      | Offered knowledge of Shock by Vehumet.
  3131 | D:2      | Found a burning altar of Makhleb.
  3557 | D:3      | Noticed Ijyb
  3580 | D:3      | Killed from afar by Ijyb

Vault maps used:
D:1:      dpeg_arrival_yet_another_circle, serial_park_tiny_pond
D:2:      makhleb_grotto_becter
D:3:      first_ration, uniq_ijyb
D:4:      uniq_natasha, uniq_edmund
D:5:      minmay_temple_entry_mist, minmay_ruined_shrine
Temple:   dpeg_three_leaves_temple

Skill      XL: |  1  2  3  4  5  6 |
---------------+-------------------+-----
Spellcasting   | 3 4 5 |  5.4
Ice Magic      | 3 4 5 |  5.5
Dodging        | |  1.5
Stealth        | |  1.5
Conjurations   | |  0.7

Action                   |  1- 3 |  4- 6 || total
-------------------------+-------+-------++-------
Melee: Short sword       |     9 |       ||     9
       Dagger            |     1 |     1 ||     2
       Staff             |       |    21 ||    21
 Cast: Freeze            |    26 |    87 ||   113
       Throw Frost       |       |    63 ||    63
       Throw Icicle      |       |     1 ||     1
  Use: Scroll            |     1 |     5 ||     6
 Stab: Sleeping          |     1 |       ||     1
Armor: Robe              |    16 |    24 ||    40
Dodge: Dodged            |    26 |    67 ||    93

Table legend:
 A = Non-vault XP
 B = Vault XP
 C = Vault XP percentage of total XP
 D = Non-vault monster count
 E = Vault monster count
 F = Vault count percentage of total count
                 A         B        C        D         E       F
            +---------+---------+-------+---------+---------+-------
      Total |     582 |      82 |  12.3 |      80 |       2 |   2.4
            +---------+---------+-------+---------+---------+-------
        D:1 |      31 |       0 |   0.0 |      18 |       0 |   0.0
        D:2 |      81 |      46 |  36.2 |      20 |       1 |   4.8
        D:3 |     130 |       0 |   0.0 |      22 |       0 |   0.0
        D:4 |     216 |      36 |  14.3 |      13 |       1 |   7.1
        D:5 |     122 |       0 |   0.0 |       6 |       0 |   0.0
     Temple |       2 |       0 |   0.0 |       1 |       0 |   0.0
            +---------+---------+-------+---------+---------+-------
